[Event "2nd Asian Nations Team Cup U14 2019"]
[Site "Shenzhen"]
[Date "2019.12.25"]
[Round "8.11"]
[White "Liu, Fung Ming Mathew"]
[Black "Ebrahimi Herab, Hamidreza"]
[Result "0-1"]
[ECO "C78"]
[WhiteElo "1493"]
[BlackElo "2053"]
[Annotator "NA RC"]
[PlyCount "84"]
[EventDate "2019.12.19"]
[EventType "team-tourn"]
[EventCountry "CHN"]
[SourceTitle "playchess.com"]
[Source "ChessBase"]
[SourceQuality "1"]
[WhiteTeam "Hong Kong"]
[BlackTeam "Iran"]
[WhiteTeamCountry "HKG"]
[BlackTeamCountry "IRI"]
[TimeControl "5400+30"]

1. e4 e5 2. Nf3 Nc6 3. Bb5 a6 4. Ba4 Nf6 5. O-O b5 6. Bb3 Bc5 7. Re1 d6 8. c3 h6 {[%emt 0:00:33] C78: Ruy Lopez: Archangelsk and Möller Defences} (8... O-O 9. a4 Bg4 10. h3 Bxf3 11. Qxf3 Na5 12. Bc2 b4 13. Qd1 Qb8 14. d4 b3 15. dxc5 bxc2 16. Qxc2 {½-½ (29) Lu,S (2641)-Yu,Y (2751) Shenzhen 2017}) 9. d4 Bb6 10. dxe5 Nxe5 11. Nxe5 dxe5 12. Qf3 $146 ({Predecessor:} 12. Qxd8+ Kxd8 13. Be3 Bxe3 14. Rxe3 Ke7 15. f3 Bb7 16. Nd2 {½-½ (37) Toplisek,M (1242)-Centrih,A (1687) Ptuj 2017}) 12... O-O 13. Nd2 Be6 14. h3 c5 15. Bxe6 fxe6 16. Qg3 c4 (16... Nh5 $11 {keeps the balance.} 17. Qg4 (17. Qxe5 Nf4 $17) 17... Nf4) 17. Nf3 Kh8 18. Kh2 ({Inferior is} 18. Nxe5 Nh5 $19) (18. Qxe5 $16 Nd7 19. Qd6 (19. Qxe6 Nc5 $14)) 18... Nh5 (18... Qe8 $11 19. Kg1 (19. Nxe5 Nh5 $15) 19... Rd8) 19. Qg4 ({White should play} 19. Qg6 $14 Nf4 20. Bxf4 exf4 21. Kg1 (21. Qxe6 Bxf2 22. Red1 Qe8 $11)) 19... Qe8 ({Much weaker is} 19... Bxf2 20. Qxh5 Rxf3 21. Bxh6 $14) 20. Rf1 Kh7 21. Kg1 Bc7 22. Nh2 Nf4 23. Bxf4 Rxf4 24. Qe2 Bb6 25. Ng4 Qg6 26. Rae1 Raf8 27. g3 $2 {[%emt 0:06:56] [#]} (27. Kh1 $11 Qg5 28. f3) 27... Rf3 $2 (27... Rxf2 $1 $19 28. Rxf2 Bxf2+ 29. Qxf2 Rxf2 30. Kxf2 Qf7+ 31. Ke2 Qh5) 28. Kg2 Qf7 29. Rd1 h5 30. Ne3 $1 g5 31. Nf5 Rd3 $1 32. Ne3 Rfd8 33. Qc2 $2 {[%emt 0:02:38] [#]} (33. b3 $11 {and White is okay.}) 33... Qg6 $1 34. Kf3 $2 (34. Qe2) 34... g4+ {[%emt 0:07:04] Double Attack} 35. Ke2 Qxe4 36. Qc1 Qf3+ (36... gxh3 $142 37. b3 Bxe3 38. f3 Bxc1+ {[%mdl 64] Discovered Attack} 39. fxe4 Rxd1 40. Rxd1 Rxd1 41. Kxd1 Bg5 42. Ke2 h2 43. Kf3 h1=Q+ 44. Kf2 Qh2+ 45. Kf3 Qd2 46. g4 h4 47. b4 h3 48. Kg3 Qg2#) 37. Ke1 Bxe3 38. Rxd3 Rxd3 39. fxe3 Rxe3+ 40. Qxe3 Qxe3+ 41. Kd1 Qd3+ 42. Ke1 Qxg3+ 0-1

[Event "2nd Asian Nations Team Cup U14 2019"]
[Site "Shenzhen"]
[Date "2019.12.25"]
[Round "8.12"]
[White "Khorshidi, Mohammad Javad"]
[Black "Lee, Gerent Chak Yan"]
[Result "1-0"]
[ECO "E05"]
[WhiteElo "2094"]
[BlackElo "1450"]
[Annotator "NA RC"]
[PlyCount "73"]
[EventDate "2019.12.19"]
[EventType "team-tourn"]
[EventCountry "CHN"]
[SourceTitle "playchess.com"]
[Source "ChessBase"]
[SourceQuality "1"]
[WhiteTeam "Iran"]
[BlackTeam "Hong Kong"]
[WhiteTeamCountry "IRI"]
[BlackTeamCountry "HKG"]
[TimeControl "5400+30"]

1. d4 Nf6 2. c4 e6 3. Nf3 Be7 4. g3 O-O 5. Bg2 d5 6. O-O dxc4 7. Qc2 a6 8. a4 Bd7 9. Qxc4 Bc6 10. Bf4 Nbd7 11. Nc3 Nd5 {[%emt 0:05:09] E05: Open Catalan: 5 Nf3 Be7} (11... Bd6 12. Bg5 h6 13. Bxf6 Nxf6 14. b4 Bd5 15. Nxd5 exd5 16. Qb3 Qe7 17. b5 Qxe2 18. Rfe1 Qc4 19. Qxc4 dxc4 20. Ne5 axb5 21. axb5 Rxa1 22. Rxa1 Bxe5 23. dxe5 {½-½ (42) Meier,G (2628)-Dominguez Perez,L (2739) chess.com INT 2018}) 12. Bd2 Rb8 $146 ({Predecessor:} 12... N7b6 13. Qb3 Nxc3 14. bxc3 Qd5 15. Qc2 Nc4 16. Bf4 Rac8 17. Rfe1 f5 18. e4 fxe4 19. Ne5 Nxe5 20. Bxe5 {0-1 (74) Romanishin,O (2487)-Akbarinia,S (2366) Sitges 2014}) 13. Rfc1 Nxc3 14. Bxc3 Bd5 15. Qd3 c5 (15... f5 $11 {remains equal.}) 16. e4 Bc6 17. Rd1 cxd4 18. Nxd4 Ne5 19. Qe2 Qc7 20. Qh5 (20. f4 $5 Nd7 21. Nxc6 Qxc6 22. a5 $16) 20... Ng6 21. Ba5 Qe5 $2 ({Black should try} 21... b6 $14 22. Nxc6 Qxc6) 22. Qxe5 Nxe5 23. Bc7 Nc4 24. Bxb8 Rxb8 25. Nxc6 bxc6 26. Bf1 Nd6 27. Bxa6 Nxe4 28. Bd3 Nc5 29. a5 Nxd3 30. Rxd3 Kf8 31. a6 $18 Ke8 32. a7 Ra8 33. Rb3 Bd6 34. Rb7 Kd8 35. Rxf7 Bc5 36. b4 Bxb4 37. Rb1 1-0

[Event "2nd Asian Nations Team Cup U14 2019"]
[Site "Shenzhen"]
[Date "2019.12.25"]
[Round "8.13"]
[White "Wang, Benchi"]
[Black "Batbold, Nyamsuren"]
[Result "1-0"]
[ECO "D00"]
[WhiteElo "1747"]
[BlackElo "1963"]
[Annotator "NA RC"]
[PlyCount "109"]
[EventDate "2019.12.19"]
[EventType "team-tourn"]
[EventCountry "CHN"]
[SourceTitle "playchess.com"]
[Source "ChessBase"]
[SourceQuality "1"]
[WhiteTeam "China"]
[BlackTeam "Mongolia"]
[WhiteTeamCountry "CHN"]
[BlackTeamCountry "MGL"]
[TimeControl "5400+30"]

1. d4 d5 2. Bf4 c5 3. e3 Nc6 4. c3 Nf6 5. Nd2 Bf5 (5... Qb6 6. Qb3 Nh5 7. Qxb6 axb6 8. Bc7 cxd4 9. exd4 e5 10. Bxe5 Nxe5 11. dxe5 Bc5 12. g3 O-O {1-0 (76) Aronian,L (2765)-Caruana,F (2832) London 2018}) 6. Bb5 {[%emt 0:06:27] D00: 1 d4 d5: Unusual lines} e6 7. Ngf3 Qb6 8. Qa4 Nd7 9. O-O a6 10. Bxc6 Qxc6 11. Qxc6 bxc6 12. Rfe1 Be7 13. e4 $146 ({Predecessor:} 13. Nb3 Rc8 14. h3 f6 15. dxc5 {0-1 (30) Zach,A (2321)-Krivoborodov,E (2511) Germany 2015}) 13... Bg6 14. c4 Nf6 15. exd5 cxd5 16. Bg5 dxc4 17. Nxc4 O-O (17... Bh5 $11) 18. Rac1 (18. Bxf6 $1 $14 gxf6 19. d5) 18... cxd4 19. Nxd4 Bc5 20. Bxf6 gxf6 21. Nc6 Rfc8 {[%emt 0:08:30] [#]} 22. Nb6 $1 Bxb6 23. Ne7+ {[%emt 0:00:05] Double Attack} Kg7 24. Rxc8 ({Much less strong is} 24. Nxc8 $6 Bd4 $18) 24... Ra7 25. Nxg6 hxg6 26. Rd1 e5 (26... a5 {was necessary.} 27. b3 g5) 27. Rd6 Bd4 28. b3 a5 29. Rc4 Rb7 30. Rd5 Ra7 31. Kf1 Kf8 32. Ke2 Ke7 33. f3 Ke6 34. Rd8 f5 35. h4 Ke7 36. Rh8 Kf6 37. Re8 f4 38. Rec8 Rd7 39. Ra8 Be3 40. Rc2 Rd5 41. Rb8 Kf5 (41... Bd4 $142 42. Rc6+ Kf5) 42. b4 axb4 43. Rxb4 f6 44. a4 Rd7 $2 (44... Rd6 45. g4+ Ke6) 45. a5 Rh7 46. a6 Rxh4 47. Ra4 Rh2 48. Kd3 Ba7 49. Rc7 Be3 50. Ra2 ({Not} 50. a7 Bxa7 51. Rcxa7 (51. Raxa7 Rxg2 52. Rh7 Rf2 $18) 51... Rxg2 $18) 50... g5 (50... Rh8 $142 51. a7 Rd8+ 52. Kc4 Ra8) 51. a7 Bxa7 52. Rcxa7 g4 53. fxg4+ Kxg4 54. Ke4 Rh5 55. Rf7 1-0

[Event "2nd Asian Nations Team Cup U14 2019"]
[Site "Shenzhen"]
[Date "2019.12.25"]
[Round "8.14"]
[White "Erkhes, Bayartnar"]
[Black "Zhang, Yuanxiao"]
[Result "1-0"]
[ECO "C87"]
[WhiteElo "1937"]
[BlackElo "1545"]
[Annotator "NA RC"]
[PlyCount "73"]
[EventDate "2019.12.19"]
[EventType "team-tourn"]
[EventCountry "CHN"]
[SourceTitle "playchess.com"]
[Source "ChessBase"]
[SourceQuality "1"]
[WhiteTeam "Mongolia"]
[BlackTeam "China"]
[WhiteTeamCountry "MGL"]
[BlackTeamCountry "CHN"]
[TimeControl "5400+30"]

1. e4 e5 2. Nf3 Nc6 3. Bb5 Nf6 4. d3 d6 5. O-O Be7 6. Re1 O-O 7. c3 a6 8. Ba4 b5 9. Bc2 Bg4 10. Nbd2 Re8 {[%emt 0:00:33] C87: Closed Ruy Lopez: Steinitz-type lines after 6 Re1 d6} (10... d5 11. h3 Bh5 12. Qe2 dxe4 13. Nxe4 Bg6 14. Nh4 Qd7 15. Nxg6 hxg6 16. Ng5 Rad8 17. g3 Bd6 18. a4 Ne7 19. axb5 axb5 {1-0 (31) Muzychuk,A (2549)-Batsiashvili,N (2500) Germany 2015}) 11. h3 Bh5 12. Nf1 Bf8 13. Ng3 Bg6 14. d4 exd4 $146 ({Predecessor:} 14... d5 15. dxe5 Nxe5 16. Nxe5 Rxe5 17. f4 Bc5+ 18. Be3 Bxe3+ 19. Rxe3 Rxe4 20. Nxe4 Bxe4 21. Bxe4 Nxe4 {1-0 (52) Maciulaityte,B (1766)-Jaskunaite,A (1135) Lithuania 2018}) 15. cxd4 Na5 16. Nh4 c5 17. Nhf5 Nc6 18. Bg5 (18. d5 $14 Ne5 19. b3) 18... Bxf5 19. Nxf5 h6 (19... g6 $5 ) 20. Bh4 g6 21. e5 dxe5 22. dxe5 Qxd1 23. Raxd1 Nh5 $2 ({Black should play} 23... gxf5 $11 24. exf6 (24. Bxf6 Bg7 $11) 24... Rxe1+ 25. Rxe1 Nd4) 24. Be4 Rac8 (24... Rec8 $16) 25. Nd6 Bxd6 (25... Nd4 {was worth a try.} 26. b4 (26. Nxe8 Rxe8 27. f3 a5 $18) 26... g5) 26. exd6 Ne5 27. Bb7 {[%emt 0:04:33] Double Attack} ({Not} 27. d7 Nxd7 28. Rxd7 g5 $14) 27... Rb8 {[%emt 0:00:26] [#]} 28. Rxe5 $1 {[%emt 0:00:30] Promotion} Rxe5 29. d7 f5 (29... Rf8 $18 30. d8=Q Rxd8 31. Bxd8 Re2 32. Bxa6 Rxb2) 30. Bc8 g5 31. d8=Q+ Kh7 32. Qc7+ Ng7 33. Qxb8 Re7 {[%emt 0:00:24] [#]} 34. Qd6 $1 Re8 35. Bd7 Re4 36. Qf6 Rxh4 37. Bxf5+ 1-0

[Event "2nd Asian Nations Team Cup U14 2019"]
[Site "Shenzhen"]
[Date "2019.12.25"]
[Round "8.18"]
[White "Foo, Jiu Yarng Clarance"]
[Black "Wei, Jianzhou"]
[Result "0-1"]
[ECO "D36"]
[WhiteElo "1654"]
[BlackElo "1755"]
[Annotator "NA RC"]
[PlyCount "68"]
[EventDate "2019.12.19"]
[EventType "team-tourn"]
[EventCountry "CHN"]
[SourceTitle "playchess.com"]
[Source "ChessBase"]
[SourceQuality "1"]
[WhiteTeam "Malaysia"]
[BlackTeam "China"]
[WhiteTeamCountry "MAS"]
[BlackTeamCountry "CHN"]
[TimeControl "5400+30"]

1. d4 d5 2. c4 e6 3. Nc3 c6 4. cxd5 exd5 5. Nf3 Nf6 6. Bg5 Be7 7. e3 O-O 8. h3 Nbd7 9. Bd3 Re8 10. O-O Nf8 11. Qc2 Ng6 12. a3 Ne4 13. Bf4 Nxf4 14. exf4 f5 15. b4 Bf6 16. Na4 Qd6 17. g3 Re7 18. Nc5 Rc7 19. Rac1 b6 20. Nb3 Bb7 21. Kh2 Rac8 22. Bxe4 dxe4 23. Ne5 Qd5 24. Rfd1 Ba6 25. Qb2 Bxe5 26. fxe5 f4 27. Rc3 Rf8 28. g4 e3 29. fxe3 Qf3 30. Qd2 Qg3+ 31. Kh1 Qxh3+ 32. Qh2 Qf3+ 33. Qg2 Qxd1+ 34. Kh2 Qe1 0-1

[Event "2nd Asian Nations Team Cup U14 2019"]
[Site "Shenzhen"]
[Date "2019.12.25"]
[Round "8.19"]
[White "Wang, Yuehan"]
[Black "Lee, Ryan"]
[Result "1-0"]
[ECO "B35"]
[WhiteElo "1724"]
[BlackElo "1615"]
[Annotator "NA RC"]
[PlyCount "131"]
[EventDate "2019.12.19"]
[EventType "team-tourn"]
[EventCountry "CHN"]
[SourceTitle "playchess.com"]
[Source "ChessBase"]
[SourceQuality "1"]
[WhiteTeam "China"]
[BlackTeam "Malaysia"]
[WhiteTeamCountry "CHN"]
[BlackTeamCountry "MAS"]
[TimeControl "5400+30"]

1. e4 c5 2. Nf3 Nc6 3. d4 cxd4 4. Nxd4 g6 5. Nc3 Bg7 6. Be3 Nf6 7. f3 O-O 8. Bc4 Qb6 9. Bb3 Nxe4 10. Nd5 Qa5+ 11. c3 Nc5 12. Nxc6 dxc6 13. Nxe7+ Kh8 14. Nxc8 Raxc8 15. O-O Rcd8 16. Qc2 Qb5 17. Rad1 Rde8 18. Rfe1 a5 19. c4 Qb4 20. Bd2 Qb6 21. Kh1 Kg8 22. Bc3 a4 23. Bxg7 Kxg7 24. Qc3+ Kg8 25. Bc2 Qc7 26. Qf6 Re6 27. Rxe6 fxe6 28. Qg5 b6 29. h4 Qf4 30. b3 Qxg5 31. hxg5 axb3 32. axb3 Rc8 33. Kh2 Kf8 34. Kg3 Ke7 35. Kf4 Rd8 36. Rh1 Rh8 37. Bxg6 Nxb3 38. Rxh7+ Rxh7 39. Bxh7 b5 40. cxb5 cxb5 41. Ke5 Nc5 42. Kd4 Nd7 43. f4 Kf7 44. g3 Kg7 45. Bd3 b4 46. Kc4 e5 47. f5 b3 48. Kxb3 e4 49. Be2 Ne5 50. Kc3 Nf7 51. g6 Nh6 52. g4 Ng8 53. g5 Ne7 54. f6+ Kxg6 55. fxe7 Kf7 56. Kd4 Kxe7 57. Kxe4 Kf8 58. Kf5 Kf7 59. g6+ Kg7 60. Kg5 Kg8 61. Kf6 Kf8 62. Bb5 Kg8 63. g7 Kh7 64. Bc4 Kh6 65. g8=Q Kh5 66. Qg5# 1-0

[Event "2nd Asian Nations Team Cup U14 2019"]
[Site "Shenzhen"]
[Date "2019.12.25"]
[Round "8.20"]
[White "Foo, Jing Er Claire"]
[Black "Zhao, Yunqing"]
[Result "1/2-1/2"]
[ECO "E12"]
[WhiteElo "1546"]
[BlackElo "1542"]
[Annotator "NA RC"]
[PlyCount "158"]
[EventDate "2019.12.19"]
[EventType "team-tourn"]
[EventCountry "CHN"]
[SourceTitle "playchess.com"]
[Source "ChessBase"]
[SourceQuality "1"]
[WhiteTeam "Malaysia"]
[BlackTeam "China"]
[WhiteTeamCountry "MAS"]
[BlackTeamCountry "CHN"]
[TimeControl "5400+30"]

1. d4 Nf6 2. c4 e6 3. Nf3 b6 4. a3 Bb7 5. Nc3 Ne4 6. d5 Nxc3 7. bxc3 Na6 8. e4 Be7 9. Bd3 O-O 10. O-O d6 11. Nd4 Nc5 12. Re1 Bf6 13. Be3 Re8 14. Rc1 Qd7 15. Qc2 a5 16. Rcd1 g6 17. Nf3 Na6 18. h4 h5 19. Bg5 Bxg5 20. Nxg5 e5 21. Rf1 Nc5 22. Be2 Qa4 23. Qb2 f6 24. Nf3 Qb3 25. Qxb3 Nxb3 26. Nd2 Nc5 27. f3 g5 28. hxg5 fxg5 29. Rfe1 h4 30. Nf1 Kg7 31. Ne3 a4 32. Bd3 Ra5 33. Bc2 Ba6 34. Rb1 Rh8 35. Kf2 Bc8 36. Rh1 Bd7 37. Rb4 Raa8 38. Ke2 Rh7 39. Rbb1 Rah8 40. Rh2 Kg6 41. Rbh1 Nb7 42. Nf5 Na5 43. Bd3 Bc8 44. Ne3 Ba6 45. Kf2 Rf7 46. Ke2 Rhf8 47. Rb1 Bc8 48. Nf5 Bd7 49. Rhh1 Rh7 50. Rh2 Rg8 51. Rbh1 Bxf5 52. exf5+ Kf6 53. g4 Ra8 54. Rb1 Rhh8 55. Kf2 Rhc8 56. Rhh1 Nb3 57. Rhd1 Ra5 58. Bc2 Nc5 59. Rb4 Rca8 60. Rdb1 R5a7 61. Rd1 Re8 62. Re1 Rc8 63. Rd1 Ra6 64. Rdb1 Ke7 65. Kg2 Rf8 66. Kf2 Rf6 67. Rd1 Kd7 68. Rdb1 Rf8 69. R4b2 Kc8 70. Ke2 Re8 71. Be4 Nxe4 72. fxe4 Rf8 73. Kf3 Kd7 74. Rb5 Raa8 75. Kg2 Ke7 76. Kh3 Kf6 77. R1b2 Ra6 78. Rb1 Rfa8 79. R1b2 Ra5 1/2-1/2

[Event "2nd Asian Nations Team Cup U14 2019"]
[Site "Shenzhen"]
[Date "2019.12.25"]
[Round "9.1"]
[White "Yeoh, Yuan Hui"]
[Black "Yin, Richard"]
[Result "1-0"]
[ECO "C14"]
[WhiteElo "1738"]
[BlackElo "1427"]
[Annotator "NA RC"]
[PlyCount "129"]
[EventDate "2019.12.19"]
[EventType "team-tourn"]
[EventCountry "CHN"]
[SourceTitle "playchess.com"]
[Source "ChessBase"]
[SourceQuality "1"]
[WhiteTeam "Malaysia"]
[BlackTeam "Hong Kong"]
[WhiteTeamCountry "MAS"]
[BlackTeamCountry "HKG"]
[TimeControl "5400+30"]

1. d4 d5 2. Nc3 Nf6 3. Bg5 e6 4. e4 Be7 5. e5 Nfd7 6. Bxe7 Qxe7 7. f4 a6 8. Nf3 c5 9. Bd3 Nc6 10. dxc5 Nxc5 11. O-O h6 12. a3 O-O 13. Ne2 b5 14. Ned4 Nxd4 15. Nxd4 Bd7 16. Kh1 f6 17. Nf3 Be8 18. Qe1 Bh5 19. Nd4 f5 20. Qb4 Qc7 21. Qd2 Rfe8 22. b3 Rac8 23. Rfc1 Qb6 24. c3 Rc7 25. a4 bxa4 26. b4 Nxd3 27. Qxd3 Rec8 28. Rxa4 Rc4 29. Raa1 Qxb4 30. Nxe6 Rxc3 31. Rxc3 Qxc3 32. Qxc3 Rxc3 33. h3 Be2 34. Nd4 Bd3 35. Ra5 Be4 36. Rxa6 Rd3 37. e6 Rxd4 38. Ra8+ Kh7 39. e7 Rd1+ 40. Kh2 Rd2 41. Kg1 d4 42. e8=Q Rxg2+ 43. Kf1 Bxa8 44. Qxa8 Rg3 45. Qd5 g6 46. Qd7+ Kg8 47. Qd8+ Kh7 48. Qe7+ Kg8 49. Qh4 Re3 50. Qxh6 Re6 51. Qg5 Kh7 52. Qh4+ Kg7 53. Qd8 Re4 54. Qd6 Kh7 55. Kf2 Kg7 56. Kg3 Re3+ 57. Kh4 Kf7 58. Qxd4 Re4 59. Qd6 Re6 60. Qd7+ Kf6 61. Qd4+ Ke7 62. Kg5 Kf7 63. Qd7+ Re7 64. Qd5+ Kg7 65. Qd6 1-0

[Event "2nd Asian Nations Team Cup U14 2019"]
[Site "Shenzhen"]
[Date "2019.12.25"]
[Round "9.2"]
[White "Lam, Chun Yung Samuel"]
[Black "Foo, Jiu Yarng Clarance"]
[Result "0-1"]
[ECO "A07"]
[WhiteElo "1288"]
[BlackElo "1654"]
[Annotator "NA RC"]
[PlyCount "70"]
[EventDate "2019.12.19"]
[EventType "team-tourn"]
[EventCountry "CHN"]
[SourceTitle "playchess.com"]
[Source "ChessBase"]
[SourceQuality "1"]
[WhiteTeam "Hong Kong"]
[BlackTeam "Malaysia"]
[WhiteTeamCountry "HKG"]
[BlackTeamCountry "MAS"]
[TimeControl "5400+30"]

1. Nf3 d5 2. g3 Nf6 3. Bg2 Bf5 4. O-O e6 5. d3 Be7 6. Nbd2 O-O 7. Qe1 c6 8. e4 dxe4 9. dxe4 Bg6 10. Qe2 Nbd7 11. e5 Nd5 12. Ne4 Qc7 13. Neg5 h6 14. Nh3 Nb4 15. Nf4 Bh7 16. Nd3 Nxd3 17. cxd3 Rfd8 18. d4 Nb6 19. Be3 Nd5 20. Rfd1 Rac8 21. Nd2 b6 22. Qg4 Bf5 23. Qh5 c5 24. Rac1 Qb8 25. Bxd5 Rxd5 26. dxc5 Bxc5 27. Bxc5 Rdxc5 28. Rxc5 Rxc5 29. f4 Rc2 30. Nb3 Qc7 31. Nd4 Rxb2 32. Nxf5 exf5 33. Qxf5 Qc5+ 34. Kh1 Qc6+ 35. Kg1 Qg2# 0-1

[Event "2nd Asian Nations Team Cup U14 2019"]
[Site "Shenzhen"]
[Date "2019.12.25"]
[Round "9.3"]
[White "Lee, Ryan"]
[Black "Li, Yucheng Robinson"]
[Result "1/2-1/2"]
[ECO "D36"]
[WhiteElo "1615"]
[BlackElo "1185"]
[Annotator "NA RC"]
[PlyCount "168"]
[EventDate "2019.12.19"]
[EventType "team-tourn"]
[EventCountry "CHN"]
[SourceTitle "playchess.com"]
[Source "ChessBase"]
[SourceQuality "1"]
[WhiteTeam "Malaysia"]
[BlackTeam "Hong Kong"]
[WhiteTeamCountry "MAS"]
[BlackTeamCountry "HKG"]
[TimeControl "5400+30"]

1. d4 d5 2. c4 e6 3. Nc3 Nf6 4. cxd5 exd5 5. Bg5 Be7 6. e3 c6 7. Bd3 O-O 8. Qc2 h6 9. Bh4 Nbd7 10. Nge2 b5 11. O-O Bb7 12. f3 a6 13. e4 dxe4 14. fxe4 c5 15. dxc5 Nxc5 16. Bxf6 Bxf6 17. Rad1 Qb6 18. Kh1 Rac8 19. Qb1 Nxd3 20. Qxd3 Rfd8 21. Qg3 Bxc3 22. Nxc3 Rxd1 23. Rxd1 Qe6 24. Qd3 Qc4 25. h3 b4 26. Nd5 Qxd3 27. Rxd3 Rc4 28. e5 Re4 29. Ne7+ Kh7 30. Rd7 Ba8 31. Rd8 Rxe5 32. Rxa8 Rxe7 33. Rxa6 Re2 34. b3 f6 35. Ra4 Kg6 36. Rxb4 Rxa2 37. Kh2 Kf5 38. Kg3 g5 39. Kf3 h5 40. Rb5+ Ke6 41. g4 hxg4+ 42. hxg4 Rc2 43. Rb8 Ke5 44. Rb5+ Kd4 45. Rb6 Rc3+ 46. Kf2 Ke5 47. Ke2 Kf4 48. Rb4+ Ke5 49. Kd2 Rc5 50. Ra4 f5 51. gxf5 Kxf5 52. b4 Rc8 53. b5 Ke5 54. Rg4 Rg8 55. Kc3 Kd6 56. Kb4 Kc7 57. Kc5 Rg6 58. Re4 Rg7 59. Ra4 Kb8 60. Rg4 Kb7 61. Ra4 Rc7+ 62. Kb4 Rc1 63. Ka5 Rb1 64. Rg4 Ra1+ 65. Kb4 Rb1+ 66. Kc4 Rc1+ 67. Kd4 Kb6 68. Rxg5 Rb1 69. Kc4 Rc1+ 70. Kd4 Rb1 71. Kc4 Rc1+ 72. Kb4 Rb1+ 73. Ka4 Ra1+ 74. Kb3 Rb1+ 75. Ka4 Ra1+ 76. Kb4 Rb1+ 77. Kc4 Rc1+ 78. Kd4 Rb1 79. Rg8 Rxb5 80. Kc4 Rc5+ 81. Kd4 Rh5 82. Rg6+ Kc7 83. Rg7+ Kd6 84. Ra7 Kc6 {[%emt 0:00:00] Kd5+} 1/2-1/2

[Event "2nd Asian Nations Team Cup U14 2019"]
[Site "Shenzhen"]
[Date "2019.12.25"]
[Round "9.4"]
[White "Huang, Yuen Tung"]
[Black "Foo, Jing Er Claire"]
[Result "0-1"]
[ECO "B51"]
[WhiteElo "1293"]
[BlackElo "1546"]
[Annotator "NA RC"]
[PlyCount "88"]
[EventDate "2019.12.19"]
[EventType "team-tourn"]
[EventCountry "CHN"]
[SourceTitle "playchess.com"]
[Source "ChessBase"]
[SourceQuality "1"]
[WhiteTeam "Hong Kong"]
[BlackTeam "Malaysia"]
[WhiteTeamCountry "HKG"]
[BlackTeamCountry "MAS"]
[TimeControl "5400+30"]

1. e4 c5 2. Nf3 d6 3. Bb5+ Nd7 4. O-O a6 5. Bxd7+ Qxd7 6. Nc3 e6 7. d4 cxd4 8. Qxd4 e5 9. Qd3 Nf6 10. h3 Be7 11. Be3 O-O 12. Rfd1 h6 13. a4 Rb8 14. Nd2 Qc6 15. Nc4 Be6 16. Nb6 Nd7 17. Nbd5 Bd8 18. Nb4 Qc4 19. Qxc4 Bxc4 20. Rxd6 Nf6 21. Rdd1 Ba5 22. Bc5 Rfe8 23. f3 Rbc8 24. Bd6 Rcd8 25. Nba2 Bb6+ 26. Kh2 Bd4 27. Bb4 b6 28. b3 Be6 29. Rab1 Rc8 30. Rd2 a5 31. Nb5 axb4 32. Nd6 Red8 33. Nxc8 Rxc8 34. Re2 Nh5 35. g3 Bc3 36. Rd1 Rc6 37. Rd3 Bc8 38. Nxc3 bxc3 39. Ree3 Ba6 40. Rxc3 Rd6 41. h4 Rd2+ 42. Kg1 Nxg3 43. Rc6 Bf1 44. Rxb6 Rg2# 0-1

[Event "2nd Asian Nations Team Cup U14 2019"]
[Site "Shenzhen"]
[Date "2019.12.25"]
[Round "9.6"]
[White "Meng, Yihan"]
[Black "Erkhes, Bayartnar"]
[Result "0-1"]
[ECO "C54"]
[WhiteElo "1787"]
[BlackElo "1937"]
[Annotator "NA RC"]
[PlyCount "128"]
[EventDate "2019.12.19"]
[EventType "team-tourn"]
[EventCountry "CHN"]
[SourceTitle "playchess.com"]
[Source "ChessBase"]
[SourceQuality "1"]
[WhiteTeam "China"]
[BlackTeam "Mongolia"]
[WhiteTeamCountry "CHN"]
[BlackTeamCountry "MGL"]
[TimeControl "5400+30"]

1. e4 e5 2. Nf3 Nc6 3. Bc4 Bc5 4. c3 Nf6 5. d3 d6 6. O-O h6 7. b4 Bb6 8. a4 a5 {[%emt 0:00:39] C54: Giuoco Piano: 4 c3 Nf6, main lines with 5 d4 and 5 d3} 9. b5 Ne7 10. Nbd2 O-O 11. Bb3 (11. Re1 Ng6 12. Bb3 Re8 13. Nc4 Bc5 14. h3 c6 15. Bd2 Be6 16. bxc6 bxc6 {½-½ (31) Nakamura,H (2793)-Xiong,J (2674) Saint Louis 2017}) 11... Ng6 12. Nc4 Ba7 13. Ra2 $146 ({Predecessor:} 13. Be3 c6 14. Bxa7 Rxa7 15. Ne3 Qd7 {½-½ (45) Goncharov,I (2399)-Aupi Royo,J (2385) ICCF email 2013}) 13... c6 14. Bd2 ({White should try} 14. Ba3 $11 Bb8 15. Re1) 14... Re8 15. Re1 $1 Qc7 16. Ne3 (16. Be3 $15 Bxe3 17. Nxe3) 16... Bxe3 (16... Nf4 $17 17. Qc2 Bd7) 17. Bxe3 d5 18. Qc2 Bg4 19. Nd2 $1 Rad8 20. f3 Be6 21. Qb2 c5 22. Raa1 b6 23. Rac1 Qd7 24. g3 Qb7 25. c4 {[%emt 0:06:57] [#]} (25. Rcd1 $11) 25... d4 $1 26. Bf2 Qc7 27. Rcd1 ({White should try} 27. h4) 27... Nh7 (27... Bh3 $142 28. Ra1 Nh7) 28. h4 f5 29. exf5 Bxf5 30. Ne4 Rf8 31. Rd2 $2 (31. Qe2 $17 {keeps fighting.}) 31... Bxe4 32. fxe4 $2 (32. Rxe4 {might work better.} Rxf3 33. Bd1) 32... Nf6 $2 (32... Qc8 $19 33. Kh2 Nf6) 33. Bd1 Qd7 34. Kg2 Ng4 35. Qc2 Rxf2+ 36. Rxf2 Ne3+ 37. Rxe3 dxe3 38. Rf5 Ne7 39. Rxe5 $2 {[%emt 0:01:16] [#]} (39. Rf1 $1 $11) 39... Rf8 $2 (39... Qd6 $1 $19 {[%cal Rd6e5] is more deadly.} 40. Rh5 g6) 40. Bf3 Qd6 41. Rxe7 Qxe7 42. Qe2 Qe5 43. Qxe3 Qb2+ 44. Kh3 Qe5 (44... Qd4 $15 45. Qxd4 cxd4) 45. Kg2 $1 Re8 46. Qd2 Rd8 47. Qe3 Qb2+ 48. Be2 Re8 49. Kh3 Qa1 50. Bf3 Qxa4 51. Bh5 Re7 52. Qf4 {[%emt 0:02:21] [#]} Qa1 $1 53. Qb8+ Kh7 54. Qd6 Qh1+ 55. Kg4 Qd1+ 56. Kh3 Qf1+ 57. Kh2 Qf6 58. Bg6+ Kxg6 59. h5+ Kh7 60. Qd8 Qf2+ 61. Kh3 Re5 62. Qxb6 Rxh5+ 63. Kg4 Rg5+ 64. Kh3 Qxg3# 0-1

[Event "2nd Asian Nations Team Cup U14 2019"]
[Site "Shenzhen"]
[Date "2019.12.25"]
[Round "9.7"]
[White "Temuujin, Kherlen"]
[Black "Wang, Yuehan"]
[Result "1-0"]
[ECO "E29"]
[WhiteElo "1711"]
[BlackElo "1724"]
[Annotator "NA RC"]
[PlyCount "101"]
[EventDate "2019.12.19"]
[EventType "team-tourn"]
[EventCountry "CHN"]
[SourceTitle "playchess.com"]
[Source "ChessBase"]
[SourceQuality "1"]
[WhiteTeam "Mongolia"]
[BlackTeam "China"]
[WhiteTeamCountry "MGL"]
[BlackTeamCountry "CHN"]
[TimeControl "5400+30"]

1. d4 Nf6 2. c4 e6 3. Nc3 Bb4 4. e3 O-O 5. Bd3 c5 6. a3 Bxc3+ 7. bxc3 d6 8. Ne2 b6 9. O-O Nc6 10. Ng3 e5 11. d5 Na5 12. e4 Ba6 13. Qe2 Qd7 14. Nf5 g6 15. Nh6+ Kg7 16. f4 Ng8 17. Nxg8 Kxg8 18. fxe5 dxe5 19. Bh6 Rfd8 20. Qf3 Qe7 21. h4 f6 22. Qxf6 Qxf6 23. Rxf6 Bxc4 24. Bxc4 Nxc4 25. g4 Nd6 26. Re1 Nf7 27. Bc1 Kg7 28. Ref1 Nd6 29. h5 Rd7 30. Re6 Nxe4 31. Rxe5 Nf6 32. h6+ Kf7 33. g5 Rd6 34. gxf6 Rxf6 35. Rxf6+ Kxf6 36. Re6+ Kf7 37. Bg5 Rf8 38. Rf6+ Ke8 39. Rxf8+ Kxf8 40. Kf2 Ke8 41. Ke3 b5 42. Ke4 a5 43. d6 Kd7 44. Kd5 b4 45. cxb4 cxb4 46. a4 b3 47. Bc1 g5 48. Ba3 g4 49. Ke4 b2 50. Bxb2 Kxd6 51. Bc3 {[%emt 0:00:08] Kd5+} 1-0